Map: Dusk Towers

Players

MaSa - Winner!

  • Race: Terran Terran

Harstem

  • Race: Protoss Protoss
  • League: Master

Event: 2016 WCS Winter Circuit Championship

VOD

https://www.youtube.com/watch?v=EgTJTfDXNlw

Description

Time

  • Played on: March 2, 2016, 2:13 p.m.
  • Length: 17:04

All games in this series

Show
View Real Time Build Order
Export as new Build Order

MaSa Terran - Winner!

Build Orders: MMM Bio 

Get SALT Encoding   

  12  0:00  SCV  
  13  0:12  SCV  
  14  0:17  Supply Depot  
  14  0:25  SCV  
  15  0:39  SCV, Barracks  
  16  0:51  SCV  
  17  1:03  SCV  
  18  1:15  Supply Depot  
  18  1:23  Command Center  
  18  1:31  Orbital Command  
  18  1:35  Marine  
  19  1:52  Marine  
  20  1:59  SCV  
  21  2:08  Command Center  
  21  2:11  SCV  
  21  2:14  Marine  
  23  2:22  Barracks  
  23  2:24  SCV  
  23  2:28  Refinery  
  24  2:35  Orbital Command  
  24  2:39  SCV  
  24  2:41  Marine  
  26  2:48  Barracks  
  26  2:51  SCV  
  26  2:56  Refinery  
  27  3:02  SCV  
  27  3:04  SCV, Marine  
  30  3:08  Barracks Tech Lab  
  30  3:14  SCV  
  30  3:18  SCV  
  32  3:22  Marine  
  33  3:27  Orbital Command, SCV  
  33  3:30  Marine  
  35  3:34  Stimpack  
  35  3:37  SCV  
  35  3:39  Marine x2  
  38  3:41  SCV  
  38  3:48  Marine  
  40  3:49  SCV  
  40  3:53  SCV  
  40  3:54  Factory  
  42  3:58  SCV  
  42  4:00  Marine x2  
  45  4:04  Refinery, SCV  
  45  4:06  Marine  
  45  4:09  Orbital Command  
  47  4:10  SCV  
  47  4:14  Engineering Bay  
  47  4:16  SCV  
  49  4:17  Refinery  
  49  4:19  Barracks Tech Lab  
  49  4:22  SCV, Barracks Reactor  
  50  4:24  Marine  
  50  4:28  SCV  
  52  4:34  SCV  
  52  4:35  Supply Depot, SCV  
  54  4:38  Factory Reactor  
  54  4:40  SCV, Starport  
  54  4:41  Marine  
  54  4:42  Marine  
  54  4:45  Barracks  
  56  4:46  SCV  
  56  4:48  Barracks  
  56  4:50  SCV  
  58  4:57  SCV  
  58  4:59  Marine  
  60  5:00  SCV, Marine  
  60  5:02  Marine x2  
  60  5:04  SCV  
  60  5:06  Missile Turret  
  64  5:07  Terran Infantry Weapons Level 1  
  64  5:11  Supply Depot  
  63  5:14  Combat Shields  
  63  5:17  Marine  
  63  5:19  SCV  
  65  5:24  SCV  
  65  5:25  Factory Reactor  
  65  5:26  SCV  
  67  5:29  Medivac  
  67  5:30  Supply Depot  
  67  5:32  SCV, Medivac  
  72  5:37  Supply Depot  
  72  5:39  Supply Depot, Barracks Reactor  
  72  5:41  Barracks Reactor  
  72  5:43  SCV  
  72  5:44  SCV, Marine  
  72  5:48  Marauder  
  77  5:52  SCV  
  77  5:55  SCV  
  77  5:56  SCV  
  80  5:57  Marine  
  80  5:58  Concussive Shells  
  80  6:00  Marauder  
  83  6:04  SCV  
  83  6:07  Supply Depot  
  83  6:09  Widow Mine, Medivac x2  
  83  6:10  Widow Mine  
  92  6:14  Supply Depot, SCV  
  92  6:15  SCV  
  92  6:17  Marine x2  
  96  6:22  Marine x4  
  96  6:25  SCV  
  101  6:29  Supply Depot, Marauder  
  101  6:31  Supply Depot  
  103  6:34  Refinery  
  103  6:39  Widow Mine, Medivac x2  
  107  6:41  Widow Mine  
  107  6:43  Marine x2  
  107  6:45  SCV x2  
  115  6:51  Marine  
  115  6:52  Barracks, Barracks Tech Lab  
  115  6:53  Marauder  
  117  6:56  SCV  
  117  6:57  SCV  
  117  6:58  SCV  
  120  7:01  Terran Infantry Armor Level 1  
  120  7:04  Marauder  
  120  7:05  Marine  
  120  7:08  SCV  
  124  7:09  Medivac x2  
  124  7:11  Supply Depot  
  124  7:15  Marauder x2, Marine x2  
  124  7:24  Marine  
  124  7:25  Marauder  
  110  7:33  Marine x3  
  110  7:34  SCV  
  110  7:36  Marauder  
  110  7:37  Marauder  
  110  7:42  Marine  
  96  7:44  Medivac  
  96  7:46  Marauder  
  96  7:48  SCV  
  96  7:50  Marine  
  96  7:51  Marine x2  
  99  7:56  Widow Mine  
  99  7:57  Marine  
  99  7:58  Marine  
  104  7:59  SCV  
  104  8:00  Marine  
  104  8:02  SCV  
  107  8:06  SCV  
  107  8:09  Liberator  
  107  8:11  SCV  
  107  8:12  Liberator  
  106  8:14  SCV  
  106  8:16  Armory  
  106  8:18  SCV  
  106  8:19  Engineering Bay  
  111  8:33  Marine x2  
  111  8:34  Marauder  
  118  8:36  Marine  
  118  8:39  Marauder, Widow Mine  
  124  8:41  SCV  
  124  8:42  SCV  
  124  8:48  Supply Depot  
  125  8:51  Widow Mine  
  125  8:55  SCV x2  
  128  8:57  Starport  
  128  9:02  Marauder x2, Marine  
  129  9:10  Terran Infantry Weapons Level 2  
  129  9:12  Terran Infantry Armor Level 2  
  129  9:15  SCV  
  129  9:16  SCV  
  129  9:17  SCV  
  130  9:20  Marine x2  
  132  9:27  SCV, Missile Turret  
  132  9:28  SCV  
  132  9:29  SCV  
  135  9:32  Fusion Core  
  135  9:35  Marauder  
  135  9:36  Marine  
  136  9:39  Marauder, SCV  
  139  9:50  Marine x2  
  139  9:51  Marauder, Widow Mine x2  
  147  9:52  Starport Tech Lab  
  147  9:55  Refinery  
  147  9:56  Marauder  
  147  9:59  Supply Depot  
  149  10:00  Supply Depot  
  149  10:08  Ghost Academy  
  149  10:12  Liberator x2  
  149  10:13  Supply Depot  
  149  10:17  Liberator  
  149  10:20  Marine  
  154  10:21  Marauder x2, Widow Mine x2  
  152  10:33  Marauder, Marine x2  
  165  10:41  SCV x3  
  165  10:42  Marauder  
  170  10:44  Advanced Ballistics  
  170  10:55  Liberator x2  
  164  11:06  Liberator  
  164  11:08  Marine  
  164  11:09  Marauder x2  
  164  11:10  Marine  
  163  11:11  SCV x2  
  170  11:20  Command Center  
  171  11:31  Marauder, Marine  
  171  11:33  SCV  
  171  11:35  Marine  
  173  11:41  Supply Depot  
  173  11:46  Marauder  
  172  11:50  Marauder, Marine  
  172  11:52  Marine x2  
  172  11:53  Marauder, Marine  
  167  11:55  Medivac  
  167  11:56  Medivac  
  167  11:59  Liberator  
  171  12:02  SCV x2  
  171  12:07  Marauder  
  171  12:08  Marine  
  174  12:12  Marauder  
  176  12:20  Marine x2  
  176  12:21  Marauder  
  178  12:24  Marine  
  178  12:25  Medivac  
  181  12:31  Supply Depot, SCV, Marine  
  181  12:32  Supply Depot  
  185  12:37  Medivac  
  185  12:48  Liberator, Barracks, Ghost  
  185  12:49  Barracks  
  187  12:55  Medivac  
  187  12:56  Ghost  
  187  12:57  Marine  
  182  13:06  Marine x2  
  182  13:08  Marine  
  167  13:15  Medivac  
  167  13:19  Ghost  
  169  13:21  Liberator, Marine  
  169  13:26  Orbital Command  
  169  13:34  Liberator  
  169  13:35  Terran Infantry Weapons Level 3  
  172  13:45  Liberator, Ghost  
  159  13:54  Marine x4  
  148  13:56  Marine  
  148  13:59  Marine  
  150  14:04  Liberator  
  153  14:10  Orbital Command  
  153  14:14  Ghost  
  153  14:15  Marine x2  
  153  14:16  Sensor Tower  
  157  14:20  Sensor Tower  
  160  14:24  Marauder, Marine  
  160  14:25  Marauder  
  160  14:30  Liberator  
  165  14:35  Marine  
  165  14:37  Liberator  
  166  14:42  Marine x2  
  166  14:43  Ghost, Marine  
  166  14:44  Barracks Tech Lab x2  
  166  14:45  Ghost x2  
  177  14:57  Refinery x2  
  177  14:58  Marine  
  180  15:12  Marauder  
  182  15:21  Marine, Ghost x2  
  182  15:24  Ghost  
  182  15:25  Marine x3  
  192  15:30  Marine  
  192  15:34  Ghost  
  195  15:39  Marine  
  195  15:41  Widow Mine  
  198  15:43  Marine x2  
  198  15:44  Marine  
  198  15:48  Ghost  
  200  15:59  Ghost  
  200  16:07  Marine  
  199  16:15  Barracks x2, Command Center  
  199  16:17  Barracks  
  197  16:18  Barracks, Ghost  
  197  16:19  Marine  
Show
View Real Time Build Order
Export as new Build Order

Harstem Protoss 

Build Orders: 1 Gate Expand, Blink Stalkers 

Get SALT Encoding   

  12  0:01  Probe (Chrono Boost)  
  13  0:11  Probe (Chrono Boost)  
  14  0:18  Pylon  
  14  0:22  Probe (Chrono Boost)  
  15  0:36  Gateway, Probe (Chrono Boost)  
  16  0:46  Probe (Chrono Boost)  
  16  0:47  Assimilator  
  18  0:57  Probe (Chrono Boost)  
  18  1:07  Probe (Chrono Boost)  
  19  1:24  Nexus  
  19  1:32  Cybernetics Core  
  19  1:36  Zealot  
  21  1:44  Pylon  
  21  1:48  Probe (Chrono Boost)  
  22  1:58  Probe (Chrono Boost)  
  23  2:03  Assimilator  
  23  2:09  Stalker (Chrono Boost)  
  23  2:10  Warp Gate  
  23  2:11  Probe  
  26  2:23  Probe  
  27  2:35  Probe (Chrono Boost)  
  28  2:38  Probe (Chrono Boost)  
  28  2:41  Robotics Facility  
  29  2:46  Probe (Chrono Boost)  
  29  2:49  Probe (Chrono Boost)  
  31  2:57  Probe (Chrono Boost)  
  32  3:02  Twilight Council, Probe (Chrono Boost)  
  33  3:07  Probe (Chrono Boost)  
  34  3:13  Probe (Chrono Boost)  
  34  3:18  Probe (Chrono Boost)  
  36  3:25  Probe (Chrono Boost)  
  37  3:28  Probe (Chrono Boost)  
  37  3:33  Nexus  
  38  3:35  Probe (Chrono Boost)  
  38  3:39  Probe (Chrono Boost)  
  38  3:40  Observer (Chrono Boost)  
  38  3:41  Blink (Chrono Boost)  
  40  3:47  Pylon, Probe  
  42  3:51  Probe  
  43  4:00  Gateway, Observer  
  43  4:01  Gateway  
  43  4:04  Probe  
  43  4:06  Probe  
  43  4:08  Pylon  
  46  4:17  Probe  
  47  4:19  Assimilator  
  47  4:20  Observer, Probe (Chrono Boost)  
  47  4:22  Assimilator  
  49  4:25  Stalker  
  49  4:29  Probe (Chrono Boost)  
  52  4:32  Pylon, Probe (Chrono Boost)  
  52  4:36  Forge  
  53  4:39  Pylon  
  53  4:40  Probe (Chrono Boost)  
  53  4:44  Probe (Chrono Boost)  
  55  4:47  Warp Prism (Chrono Boost)  
  55  4:50  Probe x2  
  59  4:54  Probe  
  59  4:55  Sentry  
  62  5:03  Probe  
  62  5:07  Probe  
  62  5:08  Probe  
  62  5:09  Protoss Ground Weapons Level 1 (Chrono Boost)  
  64  5:15  Probe  
  64  5:20  Pylon, Gateway  
  66  5:23  Gateway, Observer (Chrono Boost)  
  66  5:24  Sentry  
  66  5:26  Gateway, Stalker  
  71  5:29  Stalker  
  71  5:30  Probe  
  71  5:31  Probe  
  71  5:33  Probe (Chrono Boost)  
  71  5:34  Resonating Glaives (Chrono Boost)  
  76  5:43  Probe (Chrono Boost), Mothership Core (Chrono Boost)  
  76  5:45  Probe (Chrono Boost)  
  79  5:51  Stalker x2  
  79  5:54  Probe (Chrono Boost)  
  84  5:57  Adept  
  84  5:58  Probe (Chrono Boost)  
  84  6:03  Probe (Chrono Boost)  
  87  6:04  Forge, Probe (Chrono Boost)  
  87  6:05  Pylon  
  87  6:07  Gateway  
  87  6:10  Gateway  
  90  6:11  Assimilator  
  90  6:14  Pylon  
  90  6:16  Adept  
  90  6:17  Assimilator, Adept  
  93  6:19  Adept  
  93  6:22  Probe x2  
  97  6:26  Adept  
  97  6:30  Adept  
  97  6:31  Immortal (Chrono Boost)  
  97  6:32  Probe  
  105  6:39  Pylon  
  107  6:41  Protoss Ground Armor Level 1 (Chrono Boost)  
  107  6:43  Adept x2  
  110  6:47  Pylon  
  110  6:50  Stalker x2  
  110  6:51  Protoss Ground Weapons Level 2 (Chrono Boost)  
  114  6:55  Adept  
  116  7:01  Pylon  
  116  7:03  Templar Archives  
  116  7:04  Probe  
  116  7:07  Stalker  
  117  7:18  Adept x5  
  117  7:19  Adept  
  129  7:29  Adept  
  106  7:43  Probe x2 (Chrono Boost)  
  94  7:44  Stalker  
  94  7:45  Sentry, Probe (Chrono Boost), Stalker x3  
  101  7:53  Probe (Chrono Boost)  
  101  7:54  Pylon, Observer (Chrono Boost), Probe (Chrono Boost)  
  101  7:55  Probe (Chrono Boost)  
  101  7:57  Stalker x2  
  107  8:05  Probe x2 (Chrono Boost)  
  109  8:10  Probe (Chrono Boost)  
  110  8:14  Probe (Chrono Boost)  
  110  8:16  Photon Cannon  
  110  8:18  Protoss Ground Armor Level 2 (Chrono Boost)  
  110  8:19  Adept x4  
  119  8:20  High Templar  
  119  8:21  Probe  
  119  8:26  Pylon, Probe  
  123  8:30  Psionic Storm, Probe  
  124  8:45  Probe  
  125  8:49  Nexus  
  125  8:51  Pylon  
  125  9:00  Pylon  
  125  9:05  Stalker x2  
  125  9:09  Protoss Ground Weapons Level 3  
  128  9:11  High Templar x2  
  128  9:12  Stalker x3  
  128  9:16  Pylon  
  128  9:17  Probe (Chrono Boost)  
  139  9:19  Probe (Chrono Boost)  
  139  9:23  Probe (Chrono Boost)  
  141  9:29  Probe (Chrono Boost)  
  142  9:39  Probe  
  142  9:42  Photon Cannon  
  142  9:43  Stalker x4  
  142  9:44  Stalker  
  153  9:46  Pylon  
  153  9:49  Probe  
  158  9:52  Immortal (Chrono Boost)  
  158  9:56  Stargate  
  158  9:59  Pylon  
  158  10:05  High Templar  
  160  10:14  Pylon  
  160  10:18  Stalker x4  
  160  10:20  Adept  
  166  10:29  Adept x2  
  162  10:41  Stalker x3  
  162  10:42  Probe  
  168  10:44  Probe  
  168  10:46  Warp Prism (Chrono Boost), Assimilator  
  168  10:47  Assimilator  
  168  10:49  Probe x2  
  174  10:53  Photon Cannon, Probe  
  174  10:57  High Templar x2  
  169  10:58  Pylon  
  169  11:03  Probe  
  172  11:06  Adept x5  
  172  11:07  High Templar  
  172  11:08  Probe  
  177  11:28  Pylon  
  171  11:33  Adept x2  
  171  11:34  Adept x4  
  171  11:37  Observer (Chrono Boost)  
  180  11:53  Archon  
  166  11:56  Adept x8  
  166  11:59  Probe  
  166  12:00  Pylon  
  183  12:01  Pylon  
  183  12:03  Pylon, Protoss Ground Armor Level 3  
  183  12:05  Immortal (Chrono Boost)  
  185  12:10  Pylon  
  175  12:25  Stalker x8  
  191  12:33  Void Ray (Chrono Boost)  
  191  12:34  Immortal  
  197  12:52  Adept  
  181  13:08  Adept x2  
  181  13:09  Adept x5  
  166  13:14  Probe  
  166  13:15  Probe  
  166  13:17  Probe  
  168  13:22  High Templar  
  170  13:27  Photon Cannon  
  170  13:36  High Templar x3  
  176  13:42  Stalker x3  
  176  13:43  Nexus  
  162  13:54  Adept x2  
  155  14:00  Immortal  
  155  14:08  Adept x4  
  155  14:09  High Templar x2  
  171  14:12  Fleet Beacon  
  171  14:16  Stargate  
  171  14:22  High Templar x2  
  175  14:26  Probe  
  175  14:28  Pylon  
  176  14:34  Warp Prism  
  177  14:47  Void Ray (Chrono Boost)  
  174  15:02  Probe x2  
  174  15:04  Probe  
  181  15:15  Tempest (Chrono Boost)  
  179  15:24  Tempest (Chrono Boost)  
  178  15:33  Probe  
  177  15:46  Adept x4  
  183  15:58  Tempest (Chrono Boost)  
  183  16:02  Tempest (Chrono Boost)  
  173  16:23  Nexus  
  171  16:26  Pylon  
  163  16:36  High Templar  
  163  16:37  High Templar x2  
Tags
 
Add a new tag
Caveats
  • Supply blocks, unpowered buildings, or Contaminate may cause inaccurate times.
  • Supply counts are checked every 10 seconds.